 Dungeon Crawl Stone Soup version 0.21-a0-153-g78480df (webtiles) character file.

3320 Manul the Basher (level 9, 0/71 HPs)
             Began as a Mummy Gladiator on Aug 1, 2017.
             Was an Initiate of Gozag.
             Slain by a two-headed ogre
             ... wielding a +0 giant club
              (7 damage)
             ... on level 8 of the Dungeon.
             The game lasted 00:11:42 (9163 turns).

Manul the Basher (Mummy Gladiator)                  Turns: 9163, Time: 00:11:43

Health: 0/71       AC: 18    Str: 20    XL:     9   Next: 71%
Magic:  9/9        EV: 13    Int:  7    God:    Gozag
Gold:   272        SH:  0    Dex: 14    Spells: 8/8 levels left

rFire    x . .     SeeInvis .   p - +2 mace (protect)
rCold    + + +     Gourm    .   (no shield)
rNeg     + + +     Faith    .   w - +1 ring mail {rC+}
rPois    ∞         Spirit   .   c - +0 helmet
rElec    .         Reflect  .   (no cloak)
rCorr    .         Harm     .   r - +0 pair of gloves
MR       +....                  o - +0 pair of boots (curse)
Stlth    +.........             (no amulet)
HPRegen  0.21/turn              n - ring of protection from cold
MPRegen  0.11/turn              y - ring of positive energy

@: protection aura
A: no food or potions, fire vulnerability, cold resistance 1, negative energy
resistance 3, torment resistance, unbreathing
a: Potion Petition, Call Merchant, Bribe Branch, Renounce Religion


You were on level 8 of the Dungeon.
You worshipped Gozag.
Gozag was aware of your devotion.
You were not hungry.

You visited 2 branches of the dungeon, and saw 9 of its levels.

You collected 367 gold pieces.
You paid 95 gold pieces to Gozag.

Inventory:

Hand Weapons
 p - a +2 mace of protection (weapon)
 A - a +0 dire flail
Armour
 c - a +0 helmet (worn)
 o - a cursed +0 pair of boots (worn)
 r - a +0 pair of gloves (worn)
 w - a +1 ring mail of cold resistance (worn)
Jewellery
 n - a ring of protection from cold (left hand)
 y - a ring of positive energy (right hand)
Wands
 t - a wand of confusion (32/48)
 x - a wand of digging (10/24)
 B - a wand of iceblast (7/15)
 C - a wand of confusion (9/48)
 D - a wand of confusion (30/48)
 E - a wand of iceblast (4/15)
Scrolls
 a - a scroll of amnesia
 f - 3 scrolls of identify
 g - 7 scrolls of remove curse
 h - 3 scrolls of enchant armour
 i - a scroll of enchant weapon
 j - a scroll of immolation {unknown}
 l - 2 scrolls of magic mapping
Books
 s - a book of Cantrips

   Spells                             Type                      Level
   a - Confusing Touch                Hexes                        1
   b - Animate Skeleton               Necromancy                   1
   c - Summon Small Mammal            Summoning                    1
   d - Apportation                    Translocation                1
 v - a book of Conjurations

   Spells                             Type                      Level
   a - Magic Dart                     Conjuration                  1
   b - Searing Ray                    Conjuration                  2
   c - Dazzling Spray                 Conjuration/Hexes            3
   d - Fulminant Prism                Conjuration/Hexes            4
   e - Force Lance                    Conjuration/Translocation    4
   f - Iskenderun's Mystic Blast      Conjuration                  4


   Skills:
 + Level 6.4 Fighting
 + Level 8.3 Maces & Flails
 + Level 2.1 Throwing
 + Level 5.5 Armour
 + Level 4.0 Dodging


You had 8 spell levels left.
You didn't know any spells.

Dungeon Overview and Level Annotations

Branches:
Dungeon (8/15)             Temple (1/1) D:5
   Lair: D:8-11

Altars:
Ashenzari
Cheibriados
Dithmenos
Elyvilon
Fedhas
Gozag
Hepliaklqana
Kikubaaqudgha
Makhleb
Nemelex Xobeh
Okawaru
Qazlal
Ru
Sif Muna
Trog
Uskayaw
Vehumet
Wu Jian
Xom
Yredelemnul
Zin
The Shining One

Shops:
D:5 %   D:7 }!


Innate Abilities, Weirdness & Mutations

You do not eat or drink.
Your flesh is vulnerable to fire.
You are immune to poison.
Your flesh is cold resistant. (rC+)
You are immune to negative energy. (rN+++)
You are immune to unholy pain and torment.
You can survive without breathing.


Message History

You are too injured to fight recklessly!
You are too injured to fight recklessly!
You are too injured to fight recklessly!
You are too injured to fight recklessly!
You are too injured to fight recklessly!
You are too injured to fight recklessly!
Unknown command.
You hit the two-headed ogre.
The two-headed ogre is severely wounded.
You hit the two-headed ogre.
The two-headed ogre is almost dead.
The two-headed ogre hits you with a giant club.
The two-headed ogre hits you but does no damage.
You hit the two-headed ogre but do no damage.
The two-headed ogre is almost dead.
The two-headed ogre hits you with a giant club!!
* * * LOW HITPOINT WARNING * * *
The two-headed ogre hits you with a giant spiked club!
You die...
Your body crumbles into a pile of gold.

##.## # ##...##.# ###.....#.
........ #..... ...# ##...####
.....# ##+## #..a....# ....#
#...## #.#O###.# ....# .....##
###.#@# #.# .... # ......##
##.#...# #.# ##.## #
.......####....#####.####...####.
.......'.......................+.
.......####(...#####.####)..####.
......## ##)#.......# ##.## ##
.....## ###.####### #.# # #...##
#.# #.# ##+## #.# #.#


You could see a two-headed ogre and a worker ant.

Vanquished Creatures
  A two-headed ogre (D:8)
  3 hippogriffs (D:7)
  A spriggan (D:8)
  2 yaks
  Menkaure (D:6)
  An orc warrior (D:7)
  A phantom (D:6)
  A black bear (D:8)
  An ogre (D:6)
  3 bullfrogs
  2 scorpions (D:6)
  A crimson imp (D:5)
  2 howler monkeys (D:5)
  A centaur zombie (D:7)
  A quasit (D:5)
  2 jellies (D:6)
  4 orc priests
  2 hounds
  A bullfrog skeleton (D:8)
  A centaur skeleton (D:5)
  Ijyb (D:5)
  4 orc wizards
  2 worker ants
  5 gnolls
  12 adders
  An ooze (D:2)
  7 worms
  4 dart slugs
  5 leopard geckos
  24 orcs
  7 bats
  3 giant cockroaches
  5 goblins
  10 hobgoblins
  6 jackals
  3 quokkas
  7 frilled lizards
  4 kobolds
  9 rats
151 creatures vanquished.

Notes
Turn   | Place    | Note
-------+----------+-------------------------------------------
     0 | D:1      | Manul the Mummy Gladiator began the quest for the Orb.
     0 | D:1      | Reached XP level 1. HP: 16/16 MP: 1/1
   289 | D:1      | Reached XP level 2. HP: 22/22 MP: 2/2
  1139 | D:2      | Reached XP level 3. HP: 24/28 MP: 3/3
  1165 | D:2      | Reached skill level 3 in Maces & Flails
  1348 | D:2      | Reached XP level 4. HP: 20/34 MP: 4/4
  1905 | D:2      | Reached skill level 1 in Armour
  2689 | D:3      | Reached XP level 5. HP: 36/40 MP: 5/5
  2930 | D:3      | HP: 2/40 [orc/hand axe (2)]
  3575 | D:4      | Reached skill level 4 in Maces & Flails
  3585 | D:4      | Reached XP level 6. HP: 31/47 MP: 6/6
  3689 | D:4      | You fall through a shaft for 3 floors!
  4002 | D:7      | Noticed a hippogriff
  4019 | D:7      | Killed a hippogriff
  4458 | D:7      | Reached XP level 7. HP: 43/53 MP: 7/7
  4536 | D:7      | Found a sparkling altar of Nemelex Xobeh.
  4576 | D:7      | Found Jaudgh's Distillery.
  4583 | D:7      | Noticed a yak
  4588 | D:7      | Noticed a yak
  4591 | D:7      | Noticed a yak
  4606 | D:7      | Noticed a hippogriff
  4694 | D:6      | Reached skill level 5 in Maces & Flails
  5364 | D:5      | Entered Level 5 of the Dungeon
  5429 | D:5      | Reached XP level 8. HP: 11/60 MP: 8/8
  5842 | D:5      | Noticed Ijyb
  5868 | D:5      | Killed Ijyb
  5868 | D:5      | Reached skill level 6 in Maces & Flails
  5871 | D:5      | Found a staircase to the Ecumenical Temple.
  5985 | D:5      | You fall through a shaft for 3 floors!
  5985 | D:8      | Noticed a two-headed ogre
  5998 | D:8      | Killed a two-headed ogre
  5998 | D:8      | Reached skill level 5 in Fighting
  5998 | D:8      | Reached skill level 7 in Maces & Flails
  6373 | Temple   | Entered the Ecumenical Temple
  6909 | D:5      | Found Ozuhuich's Food Emporium.
  6991 | D:6      | Found a deep blue altar of Sif Muna.
  7032 | D:6      | Noticed Menkaure
  7049 | D:6      | Killed Menkaure
  7049 | D:6      | Reached XP level 9. HP: 62/68 MP: 9/9
  7444 | D:6      | Found an opulent altar of Gozag.
  7444 | D:6      | Found a shimmering altar of Xom.
  7463 | D:6      | Became a worshipper of Gozag Ym Sagoz the Greedy
  7796 | D:7      | Found Pecuoguwagi's Gadget Boutique.
  8112 | D:7      | Reached skill level 5 in Armour
  8248 | D:7      | Reached skill level 8 in Maces & Flails
  8685 | D:7      | Noticed an eight-headed hydra
  9147 | D:8      | Noticed a two-headed ogre
  9163 | D:8      | Slain by a two-headed ogre

Vault maps used:
D:1:      saegor_arrival_miasma, st_stairs_13
D:2:      first_bread
D:5:      minmay_temple_entry_statues_pillars, serial_shops,
          kennysheep_mini_moat, dk_noncrumbling_4, uniq_ijyb
D:6:      led_sif_pool, amethyst_overflow_temple_binary, uniq_menkaure
D:7:      minmay_the_grid_triangle_9x9_rhombus_thin, overflow_temple_1_default,
          serial_shops, kennysheep_little_box, nicolae_shop_behind_doors
D:8:      serial_shops, shop, the_bakery, minmay_misc_feat_pillars,
          amethyst_killhole
Temple:   hc_temple_tempest_star

Skill      XL: |  1  2  3  4  5  6  7  8  9 |
---------------+----------------------------+-----
Maces & Flails | 3 4 5 7 8 |  8.3
Armour         | 1 2 3 4 5 |  5.5
Fighting       | 3 4 5 6 |  6.4
Dodging        | 3 4 |  4.0
Throwing       | 2 |  2.1

Action                   |  1- 3 |  4- 6 |  7- 9 || total
-------------------------+-------+-------+-------++-------
Melee: Flail             |    96 |   247 |       ||   343
       Mace              |       |    31 |   396 ||   427
Throw: Throwing net      |       |       |     6 ||     6
  Use: Scroll            |       |     4 |     6 ||    10
 Stab: Held in net/web   |       |       |     7 ||     7
Armor: Leather armour    |    12 |       |       ||    12
       Ring mail         |    51 |    33 |   145 ||   229
       Chain mail        |       |   142 |   105 ||   247
Dodge: Dodged            |    94 |   181 |   251 ||   526
